[Event "FICS rated blitz game"]
[Site "FICS freechess.org"]
[FICSGamesDBGameNo "20001220"]
[White "DKiller"]
[Black "Brony"]
[WhiteElo "1618"]
[BlackElo "1474"]
[WhiteRD "na"]
[BlackRD "na"]
[TimeControl "240+0"]
[Date "1999.08.05"]
[Time "22:59:00"]
[WhiteClock "0:04:00.000"]
[BlackClock "0:04:00.000"]
[ECO "A48"]
[PlyCount "65"]
[Result "1-0"]

1. d4 Nf6 2. Nf3 g6 3. Nc3 Bg7 4. e4 O-O 5. Bd3 c5 6. dxc5 Qa5 7. Bd2 Qxc5 8. O-O d6 9. a3 Bg4 10. b4 Qc8 11. h3 Bd7 12. Rc1 Nc6 13. Ne2 a5 14. Nf4 e5 15. Ne2 Nh5 16. b5 Ne7 17. c4 f5 18. Qb3 b6 19. exf5 gxf5 20. Ng5 e4 21. c5+ Kh8 22. cxd6 Qe8 23. dxe7 Qxe7 24. Bc4 f4 25. Nf7+ Rxf7 26. Bxf7 f3 27. Bxh5 fxg2 28. Rfd1 Bxh3 29. Qxh3 Rg8 30. Bg6 Be5 31. Bxe4 Bb2 32. Bc3+ Bxc3 33. Nxc3 {Black resigns} 1-0

[Event "FICS rated blitz game"]
[Site "FICS freechess.org"]
[FICSGamesDBGameNo "20001219"]
[White "SKINS"]
[Black "Remechan"]
[WhiteElo "1809"]
[BlackElo "1798"]
[WhiteRD "na"]
[BlackRD "na"]
[TimeControl "180+0"]
[Date "1999.08.05"]
[Time "22:39:00"]
[WhiteClock "0:03:00.000"]
[BlackClock "0:03:00.000"]
[ECO "D20"]
[PlyCount "72"]
[Result "0-1"]

1. e4 e6 2. d4 d5 3. exd5 exd5 4. c4 dxc4 5. Bxc4 Nf6 6. Nf3 Bd6 7. O-O O-O 8. h3 c6 9. Nc3 Nbd7 10. Bg5 Nb6 11. Bb3 h6 12. Bh4 Bf5 13. Bc2 Bxc2 14. Qxc2 Rc8 15. Ne4 Be7 16. Nc5 Qc7 17. Bg3 Bd6 18. Bxd6 Qxd6 19. Nxb7 Qf4 20. Rad1 Nbd5 21. a3 Rfe8 22. Ne5 Rc7 23. Nd6 Rd8 24. Ndxf7 Rxf7 25. Nxf7 Kxf7 26. Qxc6 Rd6 27. Qb7+ Kg6 28. Qxa7 Re6 29. Qc5 Re2 30. b4 Qg5 31. Qc4 Nf4 32. g3 Nxh3+ 33. Kh2 Rxf2+ 34. Rxf2 Nxf2 35. Qc2+ N6e4 36. Rf1 Qxg3# {White checkmated} 0-1

[Event "FICS rated blitz game"]
[Site "FICS freechess.org"]
[FICSGamesDBGameNo "20001217"]
[White "pastene"]
[Black "Tasky"]
[WhiteElo "1014"]
[BlackElo "1505"]
[WhiteRD "na"]
[BlackRD "na"]
[TimeControl "120+12"]
[Date "1999.08.05"]
[Time "18:46:00"]
[WhiteClock "0:02:00.000"]
[BlackClock "0:02:00.000"]
[ECO "B28"]
[PlyCount "62"]
[Result "0-1"]

1. e4 c5 2. Nf3 a6 3. d4 cxd4 4. Qxd4 Nf6 5. Bd3 g6 6. e5 Nc6 7. Qc4 Ng4 8. O-O Ngxe5 9. Nxe5 Nxe5 10. Qc3 f6 11. Bf4 d6 12. Bxe5 fxe5 13. Nd2 Bg7 14. Qc4 e6 15. Rfe1 O-O 16. Nf3 d5 17. Qc3 e4 18. Qc5 exf3 19. Rxe6 Bxe6 20. Re1 Qd7 21. c4 Rac8 22. Qe3 dxc4 23. Bc2 Rce8 24. b3 cxb3 25. Bxb3 Bxb3 26. Qxb3+ Kh8 27. Rxe8 Rxe8 28. gxf3 Qh3 29. Qb1 Bc3 30. Qf1 Re1 31. f4 Rxf1# {White checkmated} 0-1

[Event "FICS rated blitz game"]
[Site "FICS freechess.org"]
[FICSGamesDBGameNo "20001216"]
[White "Pawnswarm"]
[Black "honma"]
[WhiteElo "1579"]
[BlackElo "1393"]
[WhiteRD "na"]
[BlackRD "na"]
[TimeControl "180+0"]
[Date "1999.08.05"]
[Time "13:20:00"]
[WhiteClock "0:03:00.000"]
[BlackClock "0:03:00.000"]
[ECO "D02"]
[PlyCount "83"]
[Result "1-0"]

1. d4 d5 2. Nf3 e6 3. Bf4 Be7 4. c3 Nf6 5. h3 Nh5 6. Bh2 Bd7 7. e3 Nc6 8. Bd3 O-O 9. Ne5 Nf6 10. Nxd7 Qxd7 11. Nd2 e5 12. O-O e4 13. Bc2 Bd6 14. Bxd6 Qxd6 15. Rc1 Na5 16. Bb1 Nc4 17. Nxc4 dxc4 18. Qe2 b5 19. a4 a6 20. Bc2 c5 21. dxc5 Qxc5 22. Rfd1 Rab8 23. Rd4 Rbe8 24. Rcd1 Qb6 25. Rd6 Qa7 26. R1d4 g6 27. Rxf6 Re6 28. Rxe6 fxe6 29. Rxe4 Qe7 30. Qg4 Rf5 31. Rd4 Rg5 32. Qf4 Kg7 33. Qb8 Kh6 34. Rd8 Qc5 35. Qf4 e5 36. Qh4+ Rh5 37. Qe4 Rg5 38. Rd5 Qe7 39. Qh4+ Rh5 40. Qxe7 e4 41. Rxh5+ Kxh5 42. Qf6 {Black forfeits on time} 1-0

[Event "FICS rated blitz game"]
[Site "FICS freechess.org"]
[FICSGamesDBGameNo "20001215"]
[White "Tsjatoer"]
[Black "Kobac"]
[WhiteElo "1720"]
[BlackElo "1648"]
[WhiteRD "na"]
[BlackRD "na"]
[TimeControl "300+12"]
[Date "1999.08.05"]
[Time "09:41:00"]
[WhiteClock "0:05:00.000"]
[BlackClock "0:05:00.000"]
[ECO "C15"]
[PlyCount "39"]
[Result "1/2-1/2"]

1. e4 e6 2. d4 d5 3. Nc3 Bb4 4. a3 Bxc3+ 5. bxc3 dxe4 6. f3 exf3 7. Nxf3 Nf6 8. Bg5 O-O 9. Bd3 Nbd7 10. O-O b6 11. Ne5 Bb7 12. Nxd7 Qxd7 13. Bxf6 gxf6 14. Qg4+ Kh8 15. Rxf6 Qd5 16. Bf1 Rg8 17. Qh3 Rg7 18. Re1 Rag8 19. Re2 Qg5 20. Rff2 {Game drawn by mutual agreement} 1/2-1/2

[Event "FICS rated blitz game"]
[Site "FICS freechess.org"]
[FICSGamesDBGameNo "20001214"]
[White "gassler"]
[Black "poup"]
[WhiteElo "1286"]
[BlackElo "1251"]
[WhiteRD "na"]
[BlackRD "na"]
[TimeControl "300+12"]
[Date "1999.08.05"]
[Time "07:36:00"]
[WhiteClock "0:05:00.000"]
[BlackClock "0:05:00.000"]
[ECO "C44"]
[PlyCount "64"]
[Result "0-1"]

1. e4 e5 2. Nf3 Nc6 3. c4 Nf6 4. d3 Bc5 5. h3 d6 6. a3 Be6 7. Nc3 O-O 8. Nh2 a6 9. Ng4 h6 10. Be3 Bxg4 11. hxg4 Bxe3 12. fxe3 Qd7 13. Rh4 Qe7 14. Qf3 Nxe4 15. Rxh6 Nxc3 16. bxc3 Qg5 17. Rh5 Qg6 18. O-O-O f5 19. g5 Kf7 20. e4 f4 21. Qg4 Qe6 22. g6+ Ke7 23. Qg5+ Qf6 24. Qf5 Qxf5 25. exf5 Rh8 26. Rg5 Rh1 27. Re1 Kf6 28. Rg4 Kxf5 29. Be2 Rxe1+ 30. Kd2 Rxe2+ 31. Kxe2 Kxg4 32. Kf2 Na5 {White resigns} 0-1

[Event "FICS rated blitz game"]
[Site "FICS freechess.org"]
[FICSGamesDBGameNo "20001213"]
[White "Bilbon"]
[Black "Lassiter"]
[WhiteElo "1758"]
[BlackElo "1786"]
[WhiteRD "na"]
[BlackRD "na"]
[TimeControl "180+0"]
[Date "1999.08.05"]
[Time "06:03:00"]
[WhiteClock "0:03:00.000"]
[BlackClock "0:03:00.000"]
[ECO "C38"]
[PlyCount "105"]
[Result "1-0"]

1. e4 e5 2. f4 exf4 3. Nf3 h6 4. Bc4 d6 5. O-O g5 6. d4 Bg7 7. e5 d5 8. Bd3 Ne7 9. Nc3 O-O 10. h4 Nf5 11. Bxf5 Bxf5 12. hxg5 hxg5 13. Nh2 Qd7 14. Qh5 Qe7 15. Nf3 c6 16. Qxg5 Qxg5 17. Nxg5 Bxc2 18. Bxf4 Nd7 19. Bh2 Bh6 20. Nf3 Be3+ 21. Kh1 Kg7 22. Nh4 Rh8 23. g3 Rh5 24. Kg2 Rg8 25. Rf3 Bxd4 26. Raf1 Bxc3 27. Rxf7+ Kh8 28. bxc3 Be4+ 29. Kh3 Nxe5 30. R1f4 Nd3 31. Rg4 Ne5 32. Rxg8+ Kxg8 33. Re7 Bf5+ 34. Kg2 Ng4 35. Nxf5 Rxf5 36. Rxb7 Nxh2 37. Kxh2 Rf2+ 38. Kh3 Rxa2 39. Rc7 a5 40. Rxc6 a4 41. Rc5 a3 42. Rxd5 Rc2 43. Rc5 a2 44. Ra5 Kf7 45. c4 Rxc4 46. Rxa2 Kg6 47. Rf2 Kg5 48. Rf3 Rc1 49. Kg2 Rc2+ 50. Kh3 Re2 51. Rb3 Re4 52. Rb5+ Kf6 53. g4 {Black forfeits on time} 1-0

[Event "FICS rated blitz game"]
[Site "FICS freechess.org"]
[FICSGamesDBGameNo "20001212"]
[White "Shkolnik"]
[Black "ERACTUS"]
[WhiteElo "1293"]
[BlackElo "1343"]
[WhiteRD "na"]
[BlackRD "na"]
[TimeControl "120+12"]
[Date "1999.08.04"]
[Time "18:28:00"]
[WhiteClock "0:02:00.000"]
[BlackClock "0:02:00.000"]
[ECO "C54"]
[PlyCount "88"]
[Result "1-0"]

1. e4 e5 2. Nf3 Nc6 3. Bc4 Bc5 4. c3 Nf6 5. Qc2 O-O 6. O-O d6 7. Rd1 Ng4 8. Rf1 Qf6 9. d3 h6 10. Nbd2 Ne7 11. Nb3 Bb6 12. d4 Ng6 13. g3 Qxf3 14. Be2 Qf6 15. h3 h5 16. hxg4 hxg4 17. Kg2 Nh8 18. Rh1 exd4 19. cxd4 d5 20. f3 dxe4 21. Qxe4 Bf5 22. Qf4 Ng6 23. Qe3 Rfe8 24. Qf2 Qc6 25. Kf1 Qc2 26. Bb5 Qxf2+ 27. Kxf2 Bxd4+ 28. Nxd4 Red8 29. Nxf5 gxf3 30. Re1 c6 31. Bc4 b5 32. Bb3 a5 33. Bc2 Re8 34. Re3 Rxe3 35. Bxe3 Ne5 36. Bf4 Nc4 37. b3 Na3 38. Be4 Rd8 39. Ne7+ Kf8 40. Nxc6 Re8 41. Bxf3 Nc2 42. Rc1 Nb4 43. Nxb4 axb4 44. Rc5 Ra8 {Black resigns} 1-0

[Event "FICS rated blitz game"]
[Site "FICS freechess.org"]
[FICSGamesDBGameNo "20001211"]
[White "Balog"]
[Black "HappyCamper"]
[WhiteElo "1419"]
[BlackElo "1178"]
[WhiteRD "na"]
[BlackRD "na"]
[TimeControl "120+12"]
[Date "1999.08.04"]
[Time "17:51:00"]
[WhiteClock "0:02:00.000"]
[BlackClock "0:02:00.000"]
[ECO "D07"]
[PlyCount "53"]
[Result "1-0"]

1. Nf3 Nc6 2. d4 d5 3. c4 Nf6 4. Nc3 Bg4 5. e3 e6 6. h3 Bh5 7. Be2 Bb4 8. O-O Bxc3 9. bxc3 Ne4 10. Qb3 Rb8 11. cxd5 exd5 12. c4 Na5 13. Qc2 Bg6 14. Bd3 dxc4 15. Bxe4 Bxe4 16. Qxe4+ Qe7 17. Qxe7+ Kxe7 18. Ba3+ Kd7 19. Ne5+ Ke6 20. Rfc1 Rhe8 21. Nxc4 Nxc4 22. Rxc4 Kd5 23. Rxc7 Ke6 24. Rb1 Rec8 25. Rcxb7 Rxb7 26. Rxb7 Rc1+ 27. Bxc1 {Black resigns} 1-0

[Event "FICS rated blitz game"]
[Site "FICS freechess.org"]
[FICSGamesDBGameNo "20001210"]
[White "Anupam"]
[Black "chi"]
[WhiteElo "1520"]
[BlackElo "1402"]
[WhiteRD "na"]
[BlackRD "na"]
[TimeControl "180+0"]
[Date "1999.08.04"]
[Time "17:00:00"]
[WhiteClock "0:03:00.000"]
[BlackClock "0:03:00.000"]
[ECO "C54"]
[PlyCount "82"]
[Result "1-0"]

1. e4 e5 2. Nf3 Nc6 3. Bc4 Bc5 4. c3 Nf6 5. d3 d6 6. O-O O-O 7. a4 Na5 8. Ba2 Nc6 9. b4 Nxb4 10. cxb4 Bxb4 11. Qb3 a5 12. h3 Be6 13. Qb2 Re8 14. Bd2 c5 15. Bxb4 cxb4 16. Nbd2 Qd7 17. Bc4 Rec8 18. Bb5 Qe7 19. Nc4 Bxh3 20. gxh3 Qe6 21. Kh2 Nh5 22. Rg1 Nf4 23. Rg3 Nxd3 24. Qd2 Nf4 25. Rag1 g6 26. Nxd6 Rd8 27. Ng5 Qf6 28. Ngxf7 Rxd6 29. Nxd6 Rd8 30. Qd5+ Kg7 31. Qxb7+ Kh6 32. Nc4 g5 33. Rxg5 Nxh3 34. Kxh3 Qf3+ 35. R5g3 Qh5+ 36. Kg2 Rd2 37. Rh1 Rxf2+ 38. Kxf2 Qxh1 39. Qc6+ Kh5 40. Qe8+ Kh4 41. Qxe5 Qh2+ {Black forfeits on time} 1-0

[Event "FICS rated blitz game"]
[Site "FICS freechess.org"]
[FICSGamesDBGameNo "20001209"]
[White "ALLtheTIME"]
[Black "ovonianos"]
[WhiteElo "1829"]
[BlackElo "1538"]
[WhiteRD "na"]
[BlackRD "na"]
[TimeControl "180+0"]
[Date "1999.08.04"]
[Time "15:41:00"]
[WhiteClock "0:03:00.000"]
[BlackClock "0:03:00.000"]
[ECO "C89"]
[PlyCount "90"]
[Result "0-1"]

1. e4 e5 2. Nf3 Nc6 3. Bb5 a6 4. Ba4 Nf6 5. O-O b5 6. Bb3 Be7 7. Re1 O-O 8. c3 d5 9. exd5 Nxd5 10. Nxe5 Nxe5 11. Rxe5 c6 12. d4 Bd6 13. Re1 Qh4 14. g3 Qh3 15. Be3 Bg4 16. Qd3 Bf3 17. Qf1 Qh5 18. Nd2 Bg4 19. Ne4 Bc7 20. Bxd5 cxd5 21. Nc5 Bf3 22. Bd2 Bd6 23. Nd7 Rfe8 24. Rxe8+ Rxe8 25. Re1 Rxe1 26. Qxe1 Be4 27. Qe3 Qh3 28. f3 Qxd7 29. fxe4 dxe4 30. Qxe4 Be7 31. Qa8+ Bf8 32. Qxa6 Qd5 33. a4 Qf3 34. Qxb5 Qd1+ 35. Kg2 Qxd2+ 36. Kh3 Qh6+ 37. Kg2 Qd2+ 38. Kf3 Qd1+ 39. Qe2 Qxa4 40. c4 Qc6+ 41. d5 Qf6+ 42. Kg2 g6 43. b3 Bc5 44. Qf3 Kg7 45. Kh3 Qf5+ {White forfeits on time} 0-1

[Event "FICS rated blitz game"]
[Site "FICS freechess.org"]
[FICSGamesDBGameNo "20001208"]
[White "Verkkis"]
[Black "Bangkokian"]
[WhiteElo "1895"]
[BlackElo "1939"]
[WhiteRD "na"]
[BlackRD "na"]
[TimeControl "180+0"]
[Date "1999.08.04"]
[Time "06:19:00"]
[WhiteClock "0:03:00.000"]
[BlackClock "0:03:00.000"]
[ECO "B23"]
[PlyCount "100"]
[Result "1/2-1/2"]

1. e4 c5 2. Nc3 Nc6 3. f4 g6 4. Nf3 Bg7 5. Bc4 a6 6. O-O e6 7. d3 Nge7 8. e5 d5 9. exd6 Qxd6 10. Ne4 Qc7 11. a4 b6 12. Kh1 Bb7 13. Rb1 O-O 14. Bd2 Nf5 15. Bc3 Rad8 16. Nf6+ Kh8 17. Ng5 Ncd4 18. Nfxh7 Qc6 19. Qg4 Nh6 20. Qh3 Ne2 21. Qxh6 Nxc3 22. Qh3 Qxg2+ 23. Qxg2 Bxg2+ 24. Kxg2 Nxb1 25. Rxb1 b5 26. axb5 axb5 27. Bxb5 f6 28. Nxe6 Kxh7 29. Nxd8 Rxd8 30. Bc4 f5 31. Ra1 Bd4 32. Ra7+ Kh6 33. b3 Re8 34. Ra6 Re2+ 35. Kg3 Rxc2 36. Bf7 Bf2+ 37. Kf3 Bd4 38. Rxg6+ Kh7 39. Rg5 Rxh2 40. Bg6+ Kh6 41. Bxf5 Rf2+ 42. Ke4 Rb2 43. Kd5 Rxb3 44. Rg6+ Kh5 45. Ke6 Rb6+ 46. Kf7 Rb7+ 47. Kg8 Rb8+ 48. Kf7 Rb7+ 49. Ke6 Rb6+ 50. Kf7 Rb7+ {Game drawn by repetition} 1/2-1/2

[Event "FICS rated lightning game"]
[Site "FICS freechess.org"]
[FICSGamesDBGameNo "20001207"]
[White "Ziggi"]
[Black "tas"]
[WhiteElo "1660"]
[BlackElo "1952"]
[WhiteRD "na"]
[BlackRD "na"]
[TimeControl "120+0"]
[Date "1999.08.03"]
[Time "18:53:00"]
[WhiteClock "0:02:00.000"]
[BlackClock "0:02:00.000"]
[ECO "B10"]
[PlyCount "61"]
[Result "1-0"]

1. e4 c6 2. Nf3 c5 3. d4 cxd4 4. Nxd4 d6 5. c4 Nf6 6. Nc3 e6 7. Bd3 Be7 8. O-O a6 9. Be3 Qc7 10. f4 O-O 11. Rc1 Nbd7 12. f5 Nc5 13. Bb1 b6 14. b4 Nb7 15. c5 bxc5 16. bxc5 Nxc5 17. fxe6 fxe6 18. Qc2 Qa5 19. e5 dxe5 20. Rxf6 Bxf6 21. Qxh7+ Kf7 22. Qg6+ Ke7 23. Nc6+ Kd6 24. Nxa5 Bd7 25. Bxc5+ Kxc5 26. Ne4+ Kb4 27. Nxf6 Rxf6 28. Qg4+ Kxa5 29. Qc4 Bb5 30. Qc3+ Ka4 31. Bc2# {Black checkmated} 1-0

[Event "FICS rated blitz game"]
[Site "FICS freechess.org"]
[FICSGamesDBGameNo "20001206"]
[White "wildplum"]
[Black "Ripple"]
[WhiteElo "1598"]
[BlackElo "1560"]
[WhiteRD "na"]
[BlackRD "na"]
[TimeControl "120+12"]
[Date "1999.08.03"]
[Time "18:37:00"]
[WhiteClock "0:02:00.000"]
[BlackClock "0:02:00.000"]
[ECO "A00"]
[PlyCount "81"]
[Result "1-0"]

1. g3 e5 2. c4 c5 3. Bg2 Nc6 4. Nc3 Nf6 5. e4 Be7 6. Nge2 O-O 7. O-O b6 8. d3 Bb7 9. a3 Nd4 10. h3 d6 11. b4 Qd7 12. b5 a6 13. Bb2 axb5 14. Nxd4 exd4 15. Nxb5 Rfe8 16. g4 h6 17. f4 d5 18. exd5 Nxd5 19. Bxd5 Bxd5 20. Nxd4 cxd4 21. cxd5 Qxd5 22. Qf3 Qxf3 23. Rxf3 Bc5 24. Kf2 Re6 25. Re1 Rxe1 26. Kxe1 Re8+ 27. Kf2 Rc8 28. Ke1 f6 29. Rf2 Kf7 30. Re2 Kg6 31. h4 h5 32. f5+ Kh6 33. Bc1+ g5 34. hxg5+ fxg5 35. Re6+ Kg7 36. gxh5 Rh8 37. Rg6+ Kf7 38. h6 Re8+ 39. Re6 Rxe6+ 40. fxe6+ Kg6 41. Bxg5 {Black forfeits on time} 1-0

[Event "FICS rated blitz game"]
[Site "FICS freechess.org"]
[FICSGamesDBGameNo "20001205"]
[White "chi"]
[Black "chessdog"]
[WhiteElo "1384"]
[BlackElo "1377"]
[WhiteRD "na"]
[BlackRD "na"]
[TimeControl "600+0"]
[Date "1999.08.03"]
[Time "17:18:00"]
[WhiteClock "0:10:00.000"]
[BlackClock "0:10:00.000"]
[ECO "D38"]
[PlyCount "60"]
[Result "0-1"]

1. Nf3 e6 2. c4 Nf6 3. d4 d5 4. Nc3 Bb4 5. e3 Ne4 6. Qc2 O-O 7. Bd3 Bxc3+ 8. bxc3 f5 9. Ne5 Qh4 10. Nf3 Qe7 11. a4 c5 12. Ba3 b6 13. Ne5 Qh4 14. Nf3 Qd8 15. Rb1 Rf7 16. Ne5 Rf6 17. f3 Nd6 18. cxd5 cxd4 19. cxd4 exd5 20. O-O Nd7 21. Rbc1 Bb7 22. Nc6 Qe8 23. Rfe1 Rc8 24. Qb3 Bxc6 25. Rxc6 Rxc6 26. Qxd5+ Nf7 27. Bb5 Rc3 28. Bb4 Rxe3 29. Rxe3 Qxe3+ 30. Kh1 Qc1+ {White resigns} 0-1

[Event "FICS rated standard game"]
[Site "FICS freechess.org"]
[FICSGamesDBGameNo "20001204"]
[White "jakekkk"]
[Black "EchecEtMat"]
[WhiteElo "1451"]
[BlackElo "1516"]
[WhiteRD "na"]
[BlackRD "na"]
[TimeControl "2700+0"]
[Date "1999.08.03"]
[Time "12:39:00"]
[WhiteClock "0:45:00.000"]
[BlackClock "0:45:00.000"]
[ECO "C78"]
[PlyCount "39"]
[Result "1-0"]

1. e4 e5 2. Nf3 Nc6 3. Bb5 a6 4. Ba4 Nf6 5. O-O b5 6. Bb3 d6 7. h3 Na5 8. d4 Nxb3 9. axb3 Qe7 10. dxe5 dxe5 11. Nc3 Bb7 12. Nd5 Nxd5 13. exd5 Qd6 14. Nxe5 Bxd5 15. Re1 Be7 16. c4 bxc4 17. bxc4 Be6 18. Qf3 O-O 19. Bf4 f6 20. Ng6 {Black resigns} 1-0

[Event "FICS rated lightning game"]
[Site "FICS freechess.org"]
[FICSGamesDBGameNo "20001203"]
[White "kumarms"]
[Black "jtchezz"]
[WhiteElo "1803"]
[BlackElo "1689"]
[WhiteRD "na"]
[BlackRD "na"]
[TimeControl "60+0"]
[Date "1999.08.03"]
[Time "11:12:00"]
[WhiteClock "0:01:00.000"]
[BlackClock "0:01:00.000"]
[ECO "A02"]
[PlyCount "101"]
[Result "1-0"]

1. f4 e6 2. e4 b6 3. d4 Bb7 4. Bd3 Bb4+ 5. Bd2 Be7 6. c3 c5 7. Nf3 cxd4 8. cxd4 Nf6 9. Nc3 Bb4 10. O-O Bxc3 11. bxc3 Nxe4 12. Qe2 Nxd2 13. Qxd2 d5 14. Bb1 O-O 15. Ne5 g6 16. Qf2 Nd7 17. Ng4 Nf6 18. Qg3 Nxg4 19. Qxg4 h5 20. Qg3 Qf6 21. h3 Rac8 22. a4 Rc7 23. Ra2 Rfc8 24. Rc2 Ba6 25. Rfc1 Qg7 26. Rf2 f5 27. h4 Bc4 28. Qe3 a6 29. Qxe6+ Qf7 30. Qxb6 Rc6 31. Qb2 Qe6 32. Re2 Qd6 33. Rf2 Qe6 34. Qd2 Qd6 35. Re1 Rb6 36. Re5 Rxb1+ 37. Kh2 Ra1 38. Qe3 Ra2 39. Qg3 Rxf2 40. Qxf2 Rb8 41. Qe3 Rb3 42. Re8+ Kf7 43. Re7+ Qxe7 44. Qxe7+ Kxe7 45. Kg3 Kd6 46. Kf2 Rxc3 47. Ke1 Ra3 48. Kd2 Rxa4 49. g3 Ra3 50. Kc2 Rxg3 51. Kd2 {Black forfeits on time} 1-0

[Event "FICS rated blitz game"]
[Site "FICS freechess.org"]
[FICSGamesDBGameNo "20001202"]
[White "PWA"]
[Black "twinknut"]
[WhiteElo "1828"]
[BlackElo "1948"]
[WhiteRD "na"]
[BlackRD "na"]
[TimeControl "300+3"]
[Date "1999.08.03"]
[Time "11:06:00"]
[WhiteClock "0:05:00.000"]
[BlackClock "0:05:00.000"]
[ECO "B33"]
[PlyCount "56"]
[Result "0-1"]

1. e4 c5 2. Nf3 Nc6 3. d4 cxd4 4. Nxd4 Nf6 5. Nc3 e5 6. Ndb5 d6 7. Bg5 a6 8. Na3 b5 9. Bxf6 gxf6 10. Nd5 f5 11. exf5 Bxf5 12. c3 Be6 13. Nc2 Bh6 14. g3 O-O 15. Bg2 Rc8 16. a4 Ne7 17. Nf6+ Kg7 18. Nh5+ Kh8 19. Nb4 a5 20. Qf3 f5 21. Nc2 Bd5 22. Qe2 Bxg2 23. Rg1 Be4 24. f3 Bxc2 25. Qxc2 b4 26. Qb3 bxc3 27. bxc3 Qc7 28. Rc1 Bxc1 {White resigns} 0-1

[Event "FICS rated lightning game"]
[Site "FICS freechess.org"]
[FICSGamesDBGameNo "20001201"]
[White "Tabacman"]
[Black "Moondog"]
[WhiteElo "1637"]
[BlackElo "1682"]
[WhiteRD "na"]
[BlackRD "na"]
[TimeControl "0+4"]
[Date "1999.08.03"]
[Time "08:50:00"]
[WhiteClock "0:10.000"]
[BlackClock "0:10.000"]
[ECO "B01"]
[PlyCount "148"]
[Result "0-1"]

1. e4 d5 2. exd5 Nf6 3. d4 Bg4 4. Qd3 Qxd5 5. c4 Qf5 6. Qxf5 Bxf5 7. Nc3 Nc6 8. Be3 O-O-O 9. O-O-O e6 10. Nf3 h6 11. a3 Na5 12. b4 Nc6 13. d5 exd5 14. cxd5 Nb8 15. Ne5 Bg6 16. Nxg6 fxg6 17. Bc4 Bd6 18. h3 a6 19. Rhe1 Nbd7 20. g3 Nb6 21. Bb3 Rhe8 22. Bxb6 cxb6 23. Kb2 Rxe1 24. Rxe1 Re8 25. Rxe8+ Nxe8 26. f4 Nf6 27. Bc4 b5 28. Bd3 g5 29. Kc2 gxf4 30. Bf5+ Kc7 31. gxf4 Bxf4 32. Ne2 Be5 33. Be6 Kd6 34. Kd3 Nxd5 35. Bxd5 Kxd5 36. Ng1 g5 37. Nf3 Bf6 38. Nd2 b6 39. Ne4 Be7 40. Ng3 a5 41. Kc3 Ke5 42. bxa5 bxa5 43. Kb3 b4 44. a4 Kf4 45. Ne2+ Kf3 46. Nd4+ Kg3 47. Nf5+ Kxh3 48. Nxe7 g4 49. Nc6 g3 50. Nxa5 g2 51. Kxb4 g1=Q 52. Kb5 Qg5+ 53. Kb6 Qe3+ 54. Kb5 Qe5+ 55. Kb6 Qd6+ 56. Kb5 Qb8+ 57. Kc5 Qa7+ 58. Kb5 h5 59. Nc4 Qb7+ 60. Nb6 Kg2 61. a5 h4 62. a6 Qa7 63. Nd5 h3 64. Nf4+ Kg3 65. Nxh3 Kxh3 66. Ka5 Kg4 67. Kb5 Kf5 68. Ka5 Ke5 69. Kb5 Kd5 70. Kb4 Qxa6 71. Kc3 Qc4+ 72. Kd2 Qb3 73. Ke2 Kd4 74. Kf2 Ke4 {White resigns} 0-1

[Event "FICS rated blitz game"]
[Site "FICS freechess.org"]
[FICSGamesDBGameNo "20001200"]
[White "bradcj"]
[Black "Quester"]
[WhiteElo "1497"]
[BlackElo "1458"]
[WhiteRD "na"]
[BlackRD "na"]
[TimeControl "180+0"]
[Date "1999.08.02"]
[Time "22:20:00"]
[WhiteClock "0:03:00.000"]
[BlackClock "0:03:00.000"]
[ECO "B14"]
[PlyCount "66"]
[Result "0-1"]

1. e4 c6 2. d4 d5 3. exd5 cxd5 4. c4 Nf6 5. Nc3 e6 6. Nf3 Nc6 7. a3 a6 8. c5 g6 9. Bd3 Bg7 10. Bf4 O-O 11. O-O Nh5 12. Bd6 Re8 13. b4 Nf6 14. Rb1 b5 15. Ne5 Nxe5 16. Bxe5 Nd7 17. Bxg7 Kxg7 18. Re1 Nb8 19. Qe2 Nc6 20. h3 e5 21. dxe5 Rxe5 22. Qf3 Qe7 23. Rxe5 Qxe5 24. Nxd5 Be6 25. Nb6 Rd8 26. Bxg6 Nd4 27. Qc3 hxg6 28. Kh1 Qf6 29. Rd1 Nc6 30. Qf3 Rxd1+ 31. Qxd1 Nd4 32. Qa1 Bxh3 33. gxh3 Qf3+ {White forfeits on time} 0-1

[Event "FICS rated blitz game"]
[Site "FICS freechess.org"]
[FICSGamesDBGameNo "20001199"]
[White "src"]
[Black "Andros"]
[WhiteElo "1338"]
[BlackElo "1275"]
[WhiteRD "na"]
[BlackRD "na"]
[TimeControl "120+12"]
[Date "1999.08.02"]
[Time "22:07:00"]
[WhiteClock "0:02:00.000"]
[BlackClock "0:02:00.000"]
[ECO "C50"]
[PlyCount "64"]
[Result "1-0"]

1. e4 e5 2. Nf3 Nc6 3. Bc4 Be7 4. Nc3 d6 5. d3 Bg4 6. h3 Bxf3 7. Qxf3 Nf6 8. Nd5 Qd7 9. Nxf6+ Bxf6 10. Be3 O-O-O 11. O-O Nb4 12. c3 Nc2 13. Rac1 Nxe3 14. fxe3 h5 15. d4 Rh6 16. Rcd1 Re8 17. Be2 g5 18. Qf5 Re7 19. Qxd7+ Rxd7 20. dxe5 Bxe5 21. Rf5 f6 22. Kf2 h4 23. g4 hxg3+ 24. Kg2 Rh4 25. Bg4 Rdh7 26. Rc1 Rxg4 27. hxg4 Rh2+ 28. Kf3 g2 29. Rg1 Rh3+ 30. Kf2 Bg3+ 31. Kxg2 Rh2+ 32. Kxg3 Kd7 {Black resigns} 1-0

[Event "FICS rated lightning game"]
[Site "FICS freechess.org"]
[FICSGamesDBGameNo "20001198"]
[White "Sasha"]
[Black "lagster"]
[WhiteElo "1549"]
[BlackElo "1595"]
[WhiteRD "na"]
[BlackRD "na"]
[TimeControl "60+0"]
[Date "1999.08.02"]
[Time "17:37:00"]
[WhiteClock "0:01:00.000"]
[BlackClock "0:01:00.000"]
[ECO "B01"]
[PlyCount "25"]
[Result "1-0"]

1. e4 d5 2. exd5 Qxd5 3. d4 Nf6 4. c3 Qd8 5. h3 Bf5 6. Bd3 Bxd3 7. Qxd3 e6 8. Ne2 Be7 9. Be3 O-O 10. Nd2 Nc6 11. O-O e5 12. Qc4 e4 13. Qb3 {Black resigns} 1-0

[Event "FICS rated blitz game"]
[Site "FICS freechess.org"]
[FICSGamesDBGameNo "20001197"]
[White "Sacbutt"]
[Black "kemar"]
[WhiteElo "1713"]
[BlackElo "1733"]
[WhiteRD "na"]
[BlackRD "na"]
[TimeControl "180+0"]
[Date "1999.08.02"]
[Time "16:46:00"]
[WhiteClock "0:03:00.000"]
[BlackClock "0:03:00.000"]
[ECO "B21"]
[PlyCount "59"]
[Result "1-0"]

1. e4 c5 2. d4 cxd4 3. c3 dxc3 4. Nxc3 d6 5. Nf3 Nc6 6. Bc4 e6 7. O-O Nf6 8. Qe2 Be7 9. Rd1 Qc7 10. Bf4 a6 11. Rac1 O-O 12. Bb3 Bd7 13. Nd5 exd5 14. exd5 Rfe8 15. dxc6 Bxc6 16. Nd4 Bf8 17. Qc4 d5 18. Bxc7 dxc4 19. Bxc4 Rac8 20. Bb6 Ne4 21. f3 Nd6 22. Bb3 Nb5 23. Nxc6 bxc6 24. a4 Nd6 25. a5 Nf5 26. Bc4 Ra8 27. Bd3 Ne7 28. Re1 Rec8 29. Be4 Nd5 30. Bxd5 {Black forfeits on time} 1-0

[Event "FICS rated blitz game"]
[Site "FICS freechess.org"]
[FICSGamesDBGameNo "20001196"]
[White "jakk"]
[Black "ridley"]
[WhiteElo "1343"]
[BlackElo "1288"]
[WhiteRD "na"]
[BlackRD "na"]
[TimeControl "120+12"]
[Date "1999.08.02"]
[Time "13:52:00"]
[WhiteClock "0:02:00.000"]
[BlackClock "0:02:00.000"]
[ECO "C41"]
[PlyCount "97"]
[Result "1-0"]

1. e4 e5 2. Nf3 d6 3. Bc4 Be6 4. Bxe6 fxe6 5. d3 Be7 6. Nc3 a6 7. Be3 Nf6 8. h3 O-O 9. Qd2 Nh5 10. Ng5 Qd7 11. Qe2 Nf4 12. Qg4 Rf6 13. g3 Ng2+ 14. Kd2 Nxe3 15. Kxe3 Rg6 16. h4 Nc6 17. Nd5 Bxg5+ 18. hxg5 Qf7 19. Nxc7 Qxc7 20. Rxh7 Kxh7 21. Qh5+ Rh6 22. gxh6 gxh6 23. g4 Rg8 24. Rh1 Qg7 25. f3 Qg5+ 26. Qxg5 Rxg5 27. c3 d5 28. Rh4 d4+ 29. cxd4 exd4+ 30. Kd2 Ne5 31. Rh3 b5 32. f4 Nf3+ 33. Rxf3 Rxg4 34. f5 exf5 35. Rxf5 Rg2+ 36. Kc1 Kg6 37. Rd5 h5 38. Rxd4 Rg1+ 39. Kd2 h4 40. e5 h3 41. e6 h2 42. e7 h1=Q 43. e8=Q+ Kf5 44. Rd5+ Kf4 45. Qf7+ Kg4 46. Rd4+ Kg3 47. Qf4+ Kg2 48. Qg5+ Kf1 49. Rf4+ {Black resigns} 1-0